 Dungeon Sprint DCSS version 0.30.1-5-ged363bc7ee (webtiles) character file.

Game seed: 17525895928869062606

54 Heoruswealwe the Thaumaturge (level 6, -1/32 HPs)
             Began as a Deep Elf Conjurer on Sept 19, 2023.
             Was an Initiate of Gozag.
             Slain by a red devil
             ... wielding a +0 trident
              (16 damage)
             ... in the Dungeon (Sprint VI: "Thunderdome").
             The game lasted 00:15:41 (411 turns).

Heoruswealwe the Thaumaturge (Deep Elf Conjurer)     Turns: 411, Time: 00:15:43

Health: -1/32      AC:  2    Str:  4    XL:     6   Next: 17%
Magic:  19/23      EV: 12    Int: 25    God:    Gozag
Gold:   217        SH:  0    Dex: 16    Spells: 15/29 levels left

rFire   + . .        (no weapon)
rCold   . . .        (no shield)
rNeg    . . .        c - +0 robe
rPois   .            (no helmet)
rElec   .            (no cloak)
rCorr   .            (no gloves)
SInv    .            (no boots)
Will    .....        i - amulet of Giptipui {RegenMP rF+ Dex+3 Stlth+}
Stlth   +++          (no ring)
HPRegen 0.25/turn    (no ring)
MPRegen 0.58/turn

%: no teleportation
@: spiked
A: no striking features
a: Renounce Religion, Potion Petition, Call Merchant, Bribe Branch


You were in the Dungeon.
You worshipped Gozag.
Gozag was aware of your devotion.
You visited 1 branch You collected 982 gold pieces.
You spent 765 gold pieces at shops.

Inventory:

Armour
 c - a +0 robe (worn)
Jewellery
 i - the amulet of Giptipui (around neck) {RegenMP rF+ Dex+3 Stlth+}
   (You bought it in a shop in the Dungeon)

   [amulet of magic regeneration]

   It increases your rate of magic regeneration.
   Dex:       It affects your dexterity (+3).
   rF:        It protects you from fire.
   Stlth:     It makes you more stealthy.
 p - the ring "Burin" {rF- rN+++ Int+6 Dex-2 Stlth+}
   (You bought it in a shop in the Dungeon)

   [ring of intelligence]

   Int:       It affects your intelligence (+6).
   Dex:       It affects your dexterity (-2).
   rF:        It makes you vulnerable to fire.
   rN:        It renders you almost immune to negative energy.
   Stlth:     It makes you more stealthy.
 q - the ring "Jerph" {rF+ SInv}
   (You bought it in a shop in the Dungeon)

   [ring of see invisible]

   rF:        It protects you from fire.
   SInv:      It lets you see invisible.
 r - the ring of Jenixeq {Fire rPois MP+9 Str+3}
   (You bought it in a shop in the Dungeon)

   [ring of fire]

   It enhances your fire magic.
   Str:       It affects your strength (+3).
   rF:        It protects you from fire.
   rC:        It makes you vulnerable to cold.
   rPois:     It protects you from poison.
   MP:        It affects your magic capacity (+9).
 s - the ring "Cael" {rPois rF+ rN+ Dex-3}
   (You bought it in a shop in the Dungeon)

   [ring of poison resistance]

   Dex:       It affects your dexterity (-3).
   rF:        It protects you from fire.
   rPois:     It protects you from poison.
   rN:        It protects you from negative energy.
Wands
 j - a wand of roots (2)
 m - a wand of light (1)
Scrolls
 g - 4 scrolls of blinking
 k - 3 scrolls of fog
Potions
 a - a potion of curing
 b - 3 potions of magic
 d - 4 potions of heal wounds
 e - 4 potions of haste
 f - a potion of berserk rage
 h - a potion of resistance


   Skills:
 - Level 2.4 Dodging
 - Level 2.4 Stealth
 + Level 12.2 Spellcasting
 + Level 11.0 Conjurations


You had 15 spell levels left.
You knew the following spells:

 Your Spells              Type           Power      Damage    Failure   Level
a - Magic Dart            Conj           100%       1d8       1%          1
b - Searing Ray           Conj           100%       2d8       1%          2
c - Dazzling Flash        Conj/Hex       84%        N/A       1%          3
d - Fulminant Prism       Conj/Hex       21%        3d12      4%          4
e - Iskenderun's Mystic   Conj/Tloc      42%        2d10      4%          4

Your spell library contained the following spells:

 Spells                   Type           Power      Damage    Failure   Level


Dungeon Overview and Level Annotations

Branches:
Dungeon (1/1)

Altars:
Cheibriados
Dithmenos
Fedhas
Gozag
Kikubaaqudgha
Makhleb
Okawaru
Qazlal
Ru
Sif Muna
Trog
Uskayaw
Vehumet
Wu Jian
Xom
Yredelemnul
Zin
The Shining One
Lugonu

Shops:
D [??*?*:[((!!!!


Message History

You sense a tension in the north.
Items here: """"""".
There is an abandoned shop here.
This shop appears to be closed.
Items here: """"""".
You drop the ring "Ezuerr" {rElec rPois AC+4 Int-5 Stlth+}.
You drop the ring of Miczu {Str+5 SInv}.
You drop the ring "Meidiqur" {rPois rF+ Slay+2}.
You drop the ring "Desuf" {rPois rN+ Str+2 Dex+4}.
You drop the ring of Past Mistakes {+Blink EV+5 Int+4}.
A red devil comes into view. It is wielding a +0 trident.
The magic dart hits the red devil.
The red devil is lightly wounded.
Casting: Magic Dart (safe; 1% risk of failure)
Confirm with . or Enter, or press ? or * to list all spells.
Okay, then.
The magic dart hits the red devil.
The red devil is moderately wounded.
Casting: Magic Dart (safe; 1% risk of failure)
Confirm with . or Enter, or press ? or * to list all spells.
Aiming: Searing Ray (safe; 1% risk of failure)
Press: ? - help, Shift-Dir - straight line, f/p - red devil
Aim: a red devil, wielding a +0 trident (moderately wounded, 76% to hit)
The searing ray hits the red devil!
The red devil is heavily wounded. (Press . to maintain the ray.)
An orange demon comes into view.
The searing ray misses the red devil.
The searing ray hits the red devil.
The red devil is heavily wounded.
The red devil hits you from afar with a +0 trident!
Ouch! That really hurt!
Barbed spikes become lodged in your body.
The searing ray hits the red devil.
The red devil is heavily wounded.
You finish channelling your searing ray.
The red devil hits you from afar with a +0 trident!
Ouch! That really hurt!
You die...
Your body crumbles into a pile of gold.

.............###.............##
..........###...###..........⌠#
..........# #.<.# #..........⌠#
..........###...###..........⌠#
.............###.............##
##∩........8.# #.8........∩###
##∩._.......###..4...__.∩##
######.8.........8.######
#⌠.......@...⌠# ###.........###
#_......._# #_......._#
#_......._# #∩.......∩#
##∩.....∩## ##.....## ##⌠⌠⌠##


You could see a red devil.

Vanquished Creatures
  4 scorpions (D)
  A killer bee (D)
  A jelly (D)
  5 endoplasms (D)
11 creatures vanquished.

Notes
Turn   | Place    | Note
-------+----------+-------------------------------------------
     0 | D        | Heoruswealwe the Deep Elf Conjurer began the quest for the
                  | Orb.
     0 | D        | Reached XP level 1. HP: 10/10 MP: 6/6
     0 | D        | Found a hide-covered altar of Uskayaw.
     4 | D        | Found a sacrificial altar of Ru.
     4 | D        | Found an ornate altar of the Wu Jian Council.
     5 | D        | Found a shadowy altar of Dithmenos.
     5 | D        | Found a basalt altar of Yredelemnul.
     5 | D        | Round 1.
     6 | D        | Found a shimmering altar of Xom.
     6 | D        | Found a stormy altar of Qazlal.
     6 | D        | Found Beuneno's Premium Goods.
     6 | D        | Found Raeseg's Weapon Rack.
     7 | D        | Found Jeraj's Miscellaneous Merchandise.
     7 | D        | Found Omalobbomee's Basic Armour.
    23 | D        | Found an ancient bone altar of Kikubaaqudgha.
    25 | D        | Found an iron altar of Okawaru.
    26 | D        | Noticed a scorpion
    28 | D        | Found Qoilocast's Do-It-Yourself Clinic.
    29 | D        | Found Yrphiuh's Bottled Wisdom.
    29 | D        | Found Wobeiwas's Distillery.
    29 | D        | Found a blossoming altar of Fedhas.
    29 | D        | Found a snail-covered altar of Cheibriados.
    29 | D        | Found an opulent altar of Gozag.
    29 | D        | Found Yqa Mapp's Distillery.
    33 | D        | Found a glowing silver altar of Zin.
    37 | D        | Became a worshipper of Gozag Ym Sagoz the Greedy
    58 | D        | Found a burning altar of Makhleb.
    60 | D        | Found Jeur's Staff Store.
    61 | D        | Found a shimmering blue altar of Sif Muna.
    61 | D        | Found a corrupted altar of Lugonu.
    61 | D        | Found a glowing golden altar of the Shining One.
    61 | D        | Found Zimayl's Magic Scroll Shop.
    61 | D        | Found Atumuole's Must-Have Magic.
    61 | D        | Found Byhill's Magic Scroll Shop.
    82 | D        | Found a bloodstained altar of Trog.
    83 | D        | Found a radiant altar of Vehumet.
    85 | D        | Found Kuqolon's Jewellery.
    85 | D        | Found Sumoch's Advanced Armour.
    85 | D        | Found Ceofedal's Identification Station.
   120 | D        | Killed a scorpion
   121 | D        | Reached skill level 7 in Spellcasting
   121 | D        | Reached XP level 2. HP: 15/15 MP: 6/12
   121 | D        | Reached XP level 3. HP: 19/19 MP: 6/13
   124 | D        | Learned a level 2 spell: Searing Ray
   128 | D        | Learned a level 3 spell: Dazzling Flash
   132 | D        | Noticed a scorpion
   138 | D        | Killed a scorpion
   139 | D        | Reached skill level 9 in Spellcasting
   139 | D        | Reached XP level 4. HP: 21/24 MP: 1/17
   144 | D        | Noticed a scorpion
   146 | D        | Learned a level 4 spell: Fulminant Prism
   152 | D        | Killed a scorpion
   153 | D        | Reached skill level 10 in Spellcasting
   153 | D        | Reached XP level 5. HP: 28/28 MP: 0/19
   158 | D        | Learned a level 4 spell: Iskenderun's Mystic Blast
   162 | D        | Reached skill level 11 in Spellcasting
   162 | D        | Reached skill level 10 in Conjurations
   185 | D        | Arena points: 12 (+12) [x2]
   186 | D        | Reached XP level 6. HP: 32/32 MP: 1/22
   197 | D        | Bought a coiled golden amulet for 45 gold pieces
   197 | D        | Identified the amulet "Paneu" {RegenMP Regen+} (You bought
                  | it in a shop in the Dungeon)
   197 | D        | Bought a slimy pewter amulet for 45 gold pieces
   197 | D        | Identified the amulet of Giptipui {RegenMP rF+ Dex+3
                  | Stlth+} (You bought it in a shop in the Dungeon)
   197 | D        | Bought a coiled pewter amulet for 45 gold pieces
   197 | D        | Identified the amulet of the Komtur {Spirit +Blink rN+
                  | Int-3} (You bought it in a shop in the Dungeon)
   197 | D        | Bought a shimmering ruby amulet for 45 gold pieces
   197 | D        | Identified the amulet "Xotar" {Faith Rampage Fragile rF+
                  | Slay+5} (You bought it in a shop in the Dungeon)
   197 | D        | Bought an ancient ruby amulet for 45 gold pieces
   197 | D        | Identified the amulet of Tempters {Regen+ Int+3} (You
                  | bought it in a shop in the Dungeon)
   197 | D        | Bought a heavily runed amethyst amulet for 45 gold pieces
   197 | D        | Identified the amulet of Dawn {Faith Will+ MP+9 Dex+4} (You
                  | bought it in a shop in the Dungeon)
   197 | D        | Bought a brightly glowing tin amulet for 45 gold pieces
   197 | D        | Identified the amulet of Xom's Malicious Joy {RegenMP
                  | rPois} (You bought it in a shop in the Dungeon)
   197 | D        | Bought a wavering silver amulet for 45 gold pieces
   197 | D        | Identified the amulet "Bismiam" {Harm Will++ Regen+} (You
                  | bought it in a shop in the Dungeon)
   209 | D        | Round 2.
   290 | D        | Reached skill level 12 in Spellcasting
   340 | D        | Arena points: 54 (+42) [x3]
   384 | D        | Bought a shimmering pewter ring for 45 gold pieces
   384 | D        | Identified the ring "Ezuerr" {rElec rPois AC+4 Int-5
                  | Stlth+} (You bought it in a shop in the Dungeon)
   384 | D        | Bought a smoking bronze ring for 45 gold pieces
   384 | D        | Identified the ring of Past Mistakes {+Blink EV+5 Int+4}
                  | (You bought it in a shop in the Dungeon)
   384 | D        | Bought a vibrating turquoise ring for 45 gold pieces
   384 | D        | Identified the ring "Desuf" {rPois rN+ Str+2 Dex+4} (You
                  | bought it in a shop in the Dungeon)
   384 | D        | Bought a scorched bone ring for 45 gold pieces
   384 | D        | Identified the ring "Burin" {rF- rN+++ Int+6 Dex-2 Stlth+}
                  | (You bought it in a shop in the Dungeon)
   384 | D        | Bought a wavering golden ring for 45 gold pieces
   384 | D        | Identified the ring "Jerph" {rF+ SInv} (You bought it in a
                  | shop in the Dungeon)
   384 | D        | Bought a transparent granite ring for 45 gold pieces
   384 | D        | Identified the ring of Jenixeq {Fire rPois MP+9 Str+3} (You
                  | bought it in a shop in the Dungeon)
   384 | D        | Bought a fine jade ring for 45 gold pieces
   384 | D        | Identified the ring "Cael" {rPois rF+ rN+ Dex-3} (You
                  | bought it in a shop in the Dungeon)
   384 | D        | Bought a shimmering steel ring for 45 gold pieces
   384 | D        | Identified the ring of Miczu {Str+5 SInv} (You bought it in
                  | a shop in the Dungeon)
   384 | D        | Bought a shimmering iron ring for 45 gold pieces
   384 | D        | Identified the ring "Meidiqur" {rPois rF+ Slay+2} (You
                  | bought it in a shop in the Dungeon)
   384 | D        | Round 3.
   405 | D        | Noticed a red devil
   408 | D        | Noticed an orange demon
   411 | D        | Slain by a red devil

Illustrated notes

Levels and vault maps discovered:
D:        arena_sprint

Skill      XL: |  1  2  3  4  5  6 |
---------------+-------------------+-----
Spellcasting   | 7 9 10 11 12 | 12.2
Conjurations   | 7 8 9 10 11 | 11.0
Dodging        | |  2.4
Stealth        | |  2.4

Action                     |  1- 3 |  4- 6 || total
---------------------------+-------+-------++-------
   Cast: Magic Dart        |     3 |     9 ||    12
         Searing Ray       |     1 |     4 ||     5
  Evoke: Wand              |     2 |     5 ||     7
  Dodge: Dodged            |       |     1 ||     1
